 Dungeon Crawl Stone Soup version 0.31-a0-1529-g7bd419a0e5 (webtiles) character file.

Game seed: 16125781093663701449

4 AlmostDecent the Trooper (level 1, 0/18 HPs)
             Began as a Demonspawn Fighter on Jan 1, 2024.
             Slain by a dart slug (2 damage)
             ... on level 1 of the Dungeon.
             The game lasted 00:00:25 (64 turns).

AlmostDecent the Trooper (Demonspawn Fighter)         Turns: 64, Time: 00:00:26

Health: 0/18       AC:  6    Str: 16    XL:     1   Next: 58%
Magic:  1/1        EV:  8    Int:  8    God:
Gold:   0          SH:  4    Dex: 12    Spells: 0/0 levels left

rFire   . . .        a - +0 war axe
rCold   . . .        c - +0 buckler
rNeg    . . .        b - +0 scale mail
rPois   .            (no helmet)
rElec   .            (no cloak)
rCorr   .            (no gloves)
SInv    .            (no boots)
Will    .....        (no amulet) Stlth
                     (no ring)
HPRegen 0.23/turn    (no ring)
MPRegen 0.07/turn

%: no passive effects
@: mighty, lethally poisoned (0 -> -2)
A: no striking features
a: no special abilities


You were on level 1 of the Dungeon.
You visited 1 branch of the dungeon, and saw 1 of its levels.

Inventory:

Hand Weapons
 a - a +0 war axe (weapon)
Armour
 b - a +0 scale mail (worn)
 c - a +0 buckler (worn)


   Skills:
 + Level 3.0 Fighting
 + Level 1.7 Axes
 + Level 2.9 Armour
 + Level 2.7 Shields


You couldn't memorise any spells.
You didn't know any spells.
Your spell library was empty.

Dungeon Overview and Level Annotations

Branches:
Dungeon (1/15)

Altars:


Message History

You block the kobold's attack. The ball python closely misses you.
You block the ball python's attack.
The ball python bites you but does no damage.
You block the ball python's attack.
The ball python attacks as it pursues you!
The ball python bites you. The ball python closely misses you.
The ball python attacks as it pursues you!
The ball python bites you but does no damage.
The ball python grabs you. The ball python constricts you.
You feel very mighty all of a sudden.
The ball python bites you but does no damage.
The ball python constricts you.
The ball python bites you but does no damage.
The ball python constricts you.
You slice the ball python!!
You kill the ball python!
The kobold throws a stone.
You block the stone.
You slash the kobold!
You kill the kobold!
You closely miss the goblin. The goblin hits you but does no damage.
You are poisoned.
You block the goblin's attack.
You slash the goblin!
You kill the goblin!
You feel very sick. You block the rat's attack.
You slash the rat!
You kill the rat!
You feel sick.
You slash the dart slug!
The dart slug is severely wounded.
* * * LOW HITPOINT WARNING * * *
You feel sick. The dart slug bites you.
* * * LOW HITPOINT WARNING * * *
You aren't carrying any potions.
You hit the dart slug.
The dart slug is almost dead.
* * * LOW HITPOINT WARNING * * *
You feel sick. The dart slug bites you.
You die...

### ..# #.. ##..#
#.# $...# #.# #....#
#.# .....# #.####
.....#
#...†#########...#.#
#.##......@wg....!.#
#.###########...####
#..# #...# ##..#
#w..# ##.#.## #...#
##.###.## #...#
##.## ##.## ....#
#.## ##.# #....
####### ##.##


You could see a dart slug and a hobgoblin.

Vanquished Creatures
  A giant cockroach (D:1)
  A goblin (D:1)
  A ball python (D:1)
  A kobold (D:1)
  A rat (D:1)
5 creatures vanquished.

Notes
Turn   | Place    | Note
-------+----------+-------------------------------------------
     0 | D:1      | AlmostDecent the Demonspawn Fighter began the quest for the
                  | Orb.
     0 | D:1      | Reached XP level 1. HP: 18/18 MP: 1/1
    64 | D:1      | Slain by a dart slug

Illustrated notes

Levels and vault maps discovered:
D:1:      lemuel_arrival_behind_the_door_large, layout_loops_ring,
          minmay_tetromino_o2

Action                     || total
---------------------------++-------
  Melee: War axe           ||    13
    Use: Potion            ||     1
 Armour: Scale mail        ||    16
  Dodge: Dodged            ||     8
  Block: Buckler           ||     6

Table legend: (Time is in decaauts)
 A = Elapsed time spent in this place.
 B = Non-inter-level travel time spent in this place.
 C = Inter-level travel time spent in this place.
 D = Time resting spent in this place.
 E = Time spent auto-exploring this place.
 F = Levels seen in this place.
 G = Mean time per level.
                   A        B        C        D        E       F      G
               +--------+--------+--------+--------+--------+-----+--------+
         Total |     69 |     69 |      0 |      0 |     42 |   1 |   69.0 |
       Dungeon |     69 |     69 |      0 |      0 |     42 |   1 |   69.0 |
               +--------+--------+--------+--------+--------+-----+--------+

Top non-repeatable levels by time:
     D:1: 69 daAuts
